 Dungeon Crawl Stone Soup version 0.18-a0-750-g37044d6 (webtiles) character file.

57 JokEr the Ruffian (level 4, -5/40 (41) HPs)
             Began as a Ghoul Monk on Dec 11, 2015.
             Slain by kal9871's ghost (7 damage)
             ... on level 3 of the Dungeon.
             The game lasted 00:04:38 (1487 turns).

JokEr the Ruffian (Ghoul Monk)                      Turns: 1487, Time: 00:04:39

HP:   -5/40 (41)    AC: 11    Str: 15    XL:     4   Next: 0%
MP:   3/3           EV:  4    Int:  5    God:
Gold: 134           SH:  0    Dex: 11    Spells: 0 memorised, 3 levels left

rFire  . . .     SeeInvis .       - Unarmed
rCold  + . .     Clarity  .     h - +0 plate armour
rNeg   + + +     SustAt   .     (no shield)
rPois  ∞         Gourm    .     f - +0 helmet
rElec  .         Spirit   .     (no cloak)
rCorr  .         Dismiss  .     (no gloves)
rMut   .         Stasis   .     (no boots)
MR     .....                    (no amulet)
Stlth  ..........               (no ring)
                                (no ring)

@: very slightly contaminated, rotting, invisible, not resistant to hostile
enchantments, extremely unstealthy
A: rotting body, claws 1, carnivore 3, cold resistance 1, negative energy
resistance 3, slow regeneration 1, torment resistance, unbreathing
a: no special abilities


You were on level 3 of the Dungeon.
You were not hungry.

You visited 1 branch of the dungeon, and saw 3 of its levels.

You collected 134 gold pieces.

Inventory:

Armour
 a - a +0 scale mail
 f - a +0 helmet (worn)
 h - a +0 plate armour (worn)
Scrolls
 c - a scroll of magic mapping {unknown}
 e - 3 scrolls of identify {unknown}
 g - a scroll of immolation {unknown}
 i - a scroll of random uselessness {unknown}
 j - a scroll of teleportation {unknown}
 l - 2 scrolls of remove curse {unknown}
Potions
 d - 2 potions of curing {unknown}
 k - a potion of lignification {unknown}
 o - a potion of cancellation {unknown}
Books
 n - a book of the Dragon

   Spells                             Type                      Level
   a - Flame Tongue                   Conjuration/Fire             1
   b - Cause Fear                     Hexes                        4
   c - Bolt of Fire                   Conjuration/Fire             6
   d - Dragon Form                    Transmutation                7
   e - Dragon's Call                  Summoning                    9
Comestibles
 b - 3 meat rations
 m - 2 beef jerkies


   Skills:
 + Level 4.3 Fighting
 - Level 2.6 Dodging
 - Level 2.1 Stealth
 + Level 5.2 Unarmed Combat


You had 3 spell levels left.
You didn't know any spells.

Dungeon Overview and Level Annotations

Branches:
Dungeon (3/15)

Altars:
Ashenzari

Annotations:
D:3 kal9871's ghost, amateur DsCK


Innate Abilities, Weirdness & Mutations

Your body is rotting away.
You thrive on raw meat.
You are immune to poison.
You have sharp fingernails.
You are carnivorous and can eat meat at any time.
Your flesh is cold resistant.
You are immune to negative energy.
You regenerate slowly when monsters are visible.
You are immune to unholy pain and torment.
You can survive without breathing.


Message History

A giant cockroach comes into view.
The jackal barks!
You hear a shout!
Your plate armour prevents you from hitting the jackal.
The orc shouts!
The jackal bites you but does no damage.
Kal9871's ghost says, "One skewered Ghoul, coming right up."
Your plate armour prevents you from hitting the jackal.
You flicker back into view.
The jackal bites you but does no damage. x2
You barely miss the jackal. Kal9871's ghost hits you.
* * * LOW HITPOINT WARNING * * *
You fade into invisibility!
The jackal bites you but does no damage.
Your plate armour prevents you from hitting kal9871's ghost.
Kal9871's ghost is heavily damaged.
The jackal bites you but does no damage.
Kal9871's ghost hits you.
* * * LOW HITPOINT WARNING * * *
You convulse!
You die...

....## #.#.# .....#
#.#.# .....# #.#.#
..(..###.#.#
.....[##.#.#
..(.#.##.#.. #
....#..#.###### ##...
....##.#.##...####.....#
..####.#.##..ooW@h.....#
#.####...##..†###......#
#.............'.#......#
#######.......#.#......#
#..##...#.#......#
#..#......#.######
....o...####.#
..o......# .#
..oo.......#


You could see an orc wizard, kal9871's ghost, an orc and a jackal.

Vanquished Creatures
  An adder (D:3)
  2 giant geckos
  5 orcs (D:3)
  4 bats
  2 giant cockroaches (D:2)
  7 goblins
  4 hobgoblins
  4 jackals (D:1)
  A quokka (D:3)
  A giant newt (D:3)
  4 kobolds
  4 rats
39 creatures vanquished.

Notes
Turn   | Place    | Note
--------------------------------------------------------------
     0 | D:1      | JokEr the Ghoul Monk began the quest for the Orb.
     0 | D:1      | Reached XP level 1. HP: 19/19 MP: 0/0
   126 | D:1      | Reached XP level 2. HP: 26/26 MP: 1/1
   702 | D:1      | Reached XP level 3. HP: 30/30 MP: 2/2
   731 | D:2      | Found a shattered altar of Ashenzari.
  1110 | D:3      | Reached skill level 5 in Unarmed Combat
  1454 | D:3      | Noticed kal9871's ghost (amateur DsCK)
  1480 | D:3      | Reached XP level 4. HP: 8/40 MP: 3/3
  1487 | D:3      | HP: 2/40 [kal9871's ghost (5)]
  1487 | D:3      | Slain by kal9871's ghost

Vault maps used:
D:1:      lightli_arrival_lavapool
D:2:      grunt_dithmenos_smoke, ashenzari_altar_1, first_bread

Action                   |  1- 3 |  4- 6 || total
-------------------------+-------+-------++-------
Melee: Unarmed           |   150 |     4 ||   154
  Eat: Chunk             |    10 |       ||    10
